Map: Abyssal Reef LE

Players

shulong - Winner!

  • Race: Protoss Protoss
  • League: Bronze
  • Spawn Location: 5:00

Cortexx

  • Race: Terran Terran
  • Spawn Location: 11:00

VOD

Have the link to the VOD?

Description

Time

  • Played on: Feb. 21, 2017, 1:26 a.m.
  • Length: 3:14
Show
View Real Time Build Order
Export as new Build Order

shulong Protoss - Winner!

Build Orders: Cannon Rush 

Get SALT Encoding   

  12  0:18  Probe (Chrono Boost)  
  13  0:24  Pylon  
  13  0:51  Forge  
  13  1:17  Pylon  
  13  1:43  Photon Cannon  
  13  1:44  Photon Cannon  
  13  1:49  Photon Cannon  
  13  1:58  Photon Cannon  
  13  2:15  Pylon  
  13  2:40  Photon Cannon  
  13  2:41  Photon Cannon  
  13  2:55  Photon Cannon  
Show
View Real Time Build Order
Export as new Build Order

Cortexx Terran 

Build Orders:  

Get SALT Encoding   

  12  0:21  SCV  
  13  0:33  SCV  
  14  0:45  SCV  
  15  1:12  Supply Depot  
  15  1:33  SCV  
  15  1:52  Barracks  
Tags
 
League
Bronze
Matchup
PvT
Spawn Locations
Cross Positions
Add a new tag
Caveats
  • Supply blocks, unpowered buildings, or Contaminate may cause inaccurate times.
  • Supply counts are checked every 10 seconds.